 Dungeon Crawl Stone Soup version 0.31-a0-750-gfe7b580527 (webtiles) character file.

Game seed: 5267749361570716305

23947 Newt the Cleaver (level 12, 0/95 HPs)
             Began as a Demonspawn Gladiator on Sept 14, 2023.
             Was an Elder of Makhleb.
             Constricted to death by Jorgrun (3 damage)
             ... while petrified by Jorgrun
             ... on level 13 of the Dungeon.
             The game lasted 00:17:17 (14454 turns).

Newt the Cleaver (Demonspawn Gladiator)            Turns: 14454, Time: 00:17:17

Health: 0/95       AC: 12    Str: 20    XL:     12   Next: 76%
Magic:  21/21      EV: -1    Int:  9    God:    Makhleb [****..]
Gold:   888        SH:  0    Dex: 17    Spells: 22/24 levels left

rFire   + . .        F - +10 war axe "Uzopsun" {elec, rC+++ Dex+2 SInv Stlth-}
rCold   + + +        U - +2 kite shield {rC+}
rNeg    + + +        I - +3 leather armour of Foepobb {rN++ rCorr}
rPois   ∞            (helmet restricted)
rElec   .            r - scarf {rC+ rF+}
rCorr   +            n - +2 pair of gloves
SInv    +            q - +1 pair of boots
Will    .....        p - amulet of reflection Stlth
                     v - +5 ring of evasion
HPRegen 0.35/turn    H - +5 ring of evasion
MPRegen 0.17/turn

%: repel missiles, reflection
@: mighty, agile, petrified, wereblooded (expiring), grasped by roots,
constricted
A: antennae 2, repulsion field 3, powered by death 1, powered by pain 1
a: Renounce Religion, Minor Destruction, Lesser Servant of Makhleb, Major
Destruction


You were on level 13 of the Dungeon.
You worshipped Makhleb.
Makhleb was greatly pleased with you.
You visited 2 branches of the dungeon, and saw 14 of its levels.
You also visited: Ice Cave.

You collected 888 gold pieces.

Inventory:

Hand Weapons
 F - the +10 war axe "Uzopsun" (weapon) {elec, rC+++ Dex+2 SInv Stlth-}
   (You found it in an ice cave)

   Dex+2:     It affects your dexterity (+2).
   rC+++:     It renders you almost immune to cold.
   SInv:      It lets you see invisible.
   Stlth-:    It makes you less stealthy.
Missiles
 e - a javelin
 m - 7 poisoned darts
 A - 4 boomerangs
 N - 6 silver javelins
Armour
 n - a +2 pair of gloves (worn)
 q - a +1 pair of boots (worn)
 r - a scarf of resistance (worn)
 I - the +3 leather armour of Foepobb (worn) {rN++ rCorr}
   (You found it on level 7 of the Dungeon)

   rN++:      It greatly protects you from negative energy.
   rCorr:     It protects you from acid and corrosion.
 U - a +2 kite shield of cold resistance (worn)
Jewellery
 p - an amulet of reflection (around neck)
 v - a +5 ring of evasion (left hand)
 C - an amulet of regeneration
 H - a +5 ring of evasion (right hand)
Wands
 t - a wand of paralysis (18)
 z - a wand of iceblast (26)
 P - a wand of flame (15)
 R - a wand of quicksilver (8)
 Y - a wand of mindburst (9)
Scrolls
 b - a scroll of immolation
 l - 5 scrolls of amnesia
 o - 7 scrolls of teleportation
 B - a scroll of revelation
 J - 3 scrolls of fear
 T - a scroll of identify
 X - a scroll of blinking
Potions
 a - a potion of berserk rage {unknown}
 g - 4 potions of lignification
 j - a potion of might
 w - 2 potions of attraction
 x - 2 potions of haste
 D - 2 potions of mutation
 E - 2 potions of curing
 V - 2 potions of brilliance {unknown}
 W - a potion of resistance {unknown}
Miscellaneous
 K - a sack of spiders
 Z - a phial of floods


   Skills:
 - Level 9.0 Fighting
 - Level 2.6 Short Blades
 - Level 9.1 Axes
 - Level 1.7 Throwing
 - Level 5.0 Armour
 - Level 5.0 Dodging
 + Level 8.4 Shields
 - Level 6.5 Spellcasting
 - Level 6.5 Transmutations
 - Level 8.0 Evocations


You had 22 spell levels left.
You knew the following spells:

 Your Spells              Type           Power      Damage    Failure   Level
a - Wereblood             Tmut           14%        N/A       4%          2

Your spell library contained the following spells:

 Spells                   Type           Power      Damage    Failure   Level
 Freeze                   Ice            8%         1d3       45%         1
 Magic Dart               Conj           8%         1d3       45%         1
 Shock                    Conj/Air       8%         1d3       45%         1
 Summon Small Mammal      Summ           8%         N/A       45%         1
 Blink                    Tloc           4%         N/A       58%         2
 Call Imp                 Summ           4%         N/A       58%         2
 Cigotuvi's Dreadful Rot  Necr/Pois/Air  4%         N/A       58%         2
 Lesser Beckoning         Tloc           4%         N/A       58%         2
 Momentum Strike          Conj/Tloc      4%         3d8       58%         2
 Call Canine Familiar     Summ           2%         N/A       83%         3
 Frozen Ramparts          Ice            4%         1d1       83%         3
 Gell's Gravitas          Tloc           2%         N/A       83%         3
 Hailstorm                Conj/Ice       2%         3d3       83%         3
 Inner Flame              Hex/Fire       2%         N/A       83%         3
 Mephitic Cloud           Conj/Pois/Air  2%         N/A       83%         3
 Ozocubu's Armour         Ice            2%         N/A       83%         3
 Summon Guardian Golem    Hex/Summ       2%         N/A       83%         3
 Teleport Other           Tloc           2%         N/A       83%         3
 Irradiate                Conj/Tmut      4%         3d13      98%         5
 Anguish                  Hex/Necr       1%         N/A       99%         4
 Cause Fear               Hex            1%         N/A       99%         4
 Dispel Undead            Necr           2%         3d7       99%         4
 Flame Wave               Conj/Fire      2%         2d4       99%         4
 Olgreb's Toxic Radiance  Pois           2%         N/A       99%         4
 Sticky Flame             Conj/Fire      2%         2d3       99%         4
 Conjure Ball Lightning   Conj/Air       1%         3x3d6     100%        6
 Death Channel            Necr           1%         N/A       100%        6
 Plasma Beam              Fire/Air       1%         2x1d11    100%        6
 Enfeeble                 Hex            1%         N/A       100%        7
 Ozocubu's Refrigeration  Ice            1%         4d7       100%        7
 Discord                  Hex            1%         N/A       100%        8
 Disjunction              Tloc           1%         N/A       100%        8
 Chain Lightning          Conj/Air       1%         3d1       100%        9
 Polar Vortex             Ice            1%         N/A       100%        9


Dungeon Overview and Level Annotations

Branches:
Dungeon (13/15)            Temple (1/1) D:4            Lair (0/5) D:8
    Orc (0/2) D:12          IceCv (visited)
 Vaults: D:13-14

Altars:
Ashenzari
Cheibriados
Dithmenos
Fedhas
Gozag
Hepliaklqana
Kikubaaqudgha
Makhleb
Nemelex Xobeh
Okawaru
Qazlal
Ru
Sif Muna
Trog
Uskayaw
Vehumet
Wu Jian
Xom
Yredelemnul

Portals:
Trove: D:12 (give 14 potions of heal wounds)

Annotations:
D:7 2 runed translucent doors
D:12 1 runed translucent door
D:13 Jorgrun
Temple 2 transporters


Innate Abilities, Weirdness & Mutations

You have a pair of antennae on your head.
You are surrounded by a strong repulsion field. (EV +4, RMsl)
You regenerate a little health from kills.
You sometimes gain a little power by taking damage.


Message History

* * * LOW HITPOINT WARNING * * *
Jorgrun struggles against the net.
You feel better. The centaur barely misses you.
The centaur completely misses you. The grasping roots constrict you.
* * * LOW HITPOINT WARNING * * *
Jorgrun struggles against the net.
You feel better. You block the centaur's attack. x3
The centaur kicks you but does no damage.
Jorgrun points at you and mumbles some strange words.
You are slowing down.
The grasping roots constrict you.
Jorgrun struggles against the net.
The net rips apart, and Jorgrun comes free!
Unknown command.
Unknown command.
You closely miss Jorgrun.
Jorgrun is moderately wounded.
You barely miss the centaur. You block the centaur's attack. x3
The centaur completely misses you.
Your limbs are stiffening.
Unknown command.
Unknown command.
You closely miss Jorgrun.
Jorgrun is moderately wounded.
You closely miss the centaur. You block the centaur's attack.
The centaur completely misses you. Jorgrun misses you.
The grasping roots constrict you!
* * * LOW HITPOINT WARNING * * *
The centaur completely misses you. The centaur barely misses you.
Jorgrun misses you. The grasping roots constrict you!
* * * LOW HITPOINT WARNING * * *
You block the centaur's attack. The centaur completely misses you.
You have turned to stone.
Your primal bloodlust is almost over.
The centaur hits you but does no damage.
The centaur kicks you but does no damage.
Jorgrun hits you with a staff of earth!
* * * LOW HITPOINT WARNING * * *
Jorgrun shatters you.
* * * LOW HITPOINT WARNING * * *
The grasping roots constrict you.
You die...

###..###......##
..######<.....##...#
..+......>.....#...#
..#............#...#
..#............#...#
..#...............?#
..#............#...#
......##.##...##gc.#
####..##.###.###@).####
#......#.......)....#
#......#............+
#......'............#
#.#######...##.....##
#......#######.....#
#.......# .......#
#.......# .......#
#.^.....# ...)...#


You could see Jorgrun and a centaur.

Vanquished Creatures
  A hydra (D:12)
  2 two-headed ogres
  2 centaur warriors (D:13)
  Sonja (D:10)
  2 deep elf pyromancers
  3 manticores
  5 ugly things
  3 cyclopes
  2 ice statues (IceCv)
  7 gargoyles
  A komodo dragon (D:7)
  2 anaconda simulacra (IceCv)
  Psyche (D:8)
  4 trolls
  2 hornets
  4 shadows
  2 wyverns
  5 humans (D:9)
  A wraith (D:7)
  15 yaks
  A death yak simulacrum (IceCv)
  A vampire mosquito (D:7)
  3 steam dragons
  A harpy simulacrum (IceCv)
  An acid dragon (D:12)
  2 water moccasins
  2 orc warriors
  3 ice beasts
  2 sky beasts
  4 black bears
  12 centaurs
  3 phantoms (D:6)
  Blork the orc (D:5)
  2 bullfrogs
  A gnoll sergeant (D:9)
  13 scorpions
  7 wights
  2 elephant simulacra (IceCv)
  18 killer bees
  An electric eel (D:7)
  3 jellies
  3 hounds
  4 orc priests
  3 gnoll boudas
  2 sleepcaps
  Ijyb (D:5)
  4 iguanas
  6 orc wizards
  2 wolf simulacra (IceCv)
  20 gnolls
  8 adders
  2 white imps (D:7)
  2 ufetubi (D:7)
  2 worms
  A dart slug (D:1)
  15 orcs
  5 ball pythons
  5 bats
  8 endoplasms
  5 giant cockroaches
  10 goblins
  3 hobgoblins
  2 jackals (D:2)
  8 kobolds
  2 quokkas
  3 frilled lizards
  5 rats
  A butterfly (D:12)
280 creatures vanquished.

Vanquished Creatures (collateral kills)
  An ice statue (IceCv)
1 creature vanquished.

Grand Total: 281 creatures vanquished

Notes
Turn   | Place    | Note
-------+----------+-------------------------------------------
     0 | D:1      | Newt the Demonspawn Gladiator began the quest for the Orb.
     0 | D:1      | Reached XP level 1. HP: 16/16 MP: 1/1
   339 | D:1      | Gained mutation: You sometimes gain a little power by
                  | taking damage. [demonic ancestry]
   339 | D:1      | Reached XP level 2. HP: 21/23 MP: 2/2
   840 | D:1      | Reached XP level 3. HP: 29/29 MP: 3/3
  1049 | D:2      | Found a faded altar of an unknown god.
  1065 | D:2      | Got Plato's Secrets of Chilblains
  1707 | D:3      | Reached XP level 4. HP: 34/38 MP: 4/4
  2287 | D:4      | Found a staircase to the Ecumenical Temple.
  2308 | D:4      | Reached skill level 5 in Fighting
  2308 | D:4      | Reached skill level 1 in Axes
  2308 | D:4      | Reached XP level 5. HP: 42/44 MP: 5/5
  2321 | Temple   | Found a transporter.
  2321 | Temple   | Found a transporter.
  2321 | Temple   | Found a transporter.
  2321 | Temple   | Found a transporter.
  2321 | Temple   | Entered the Ecumenical Temple
  2334 | Temple   | Became a worshipper of Makhleb the Destroyer
  2373 | D:4      | Noticed a black bear
  2397 | D:4      | Killed a black bear
  2558 | D:4      | Gained mutation: You have a pair of small antennae on your
                  | head. [demonic ancestry]
  2558 | D:4      | Reached XP level 6. HP: 39/51 MP: 6/6
  3326 | D:5      | Entered Level 5 of the Dungeon
  3354 | D:5      | Reached skill level 5 in Axes
  3354 | D:5      | Gained mutation: You have a pair of antennae on your head.
                  | [demonic ancestry]
  3354 | D:5      | Reached XP level 7. HP: 56/56 MP: 7/7
  3728 | D:5      | Found a bloodstained altar of Trog.
  3737 | D:5      | Reached skill level 5 in Dodging
  3768 | D:5      | Noticed Ijyb
  3776 | D:5      | Noticed Blork the orc
  3780 | D:5      | Killed Ijyb
  3788 | D:5      | Killed Blork the orc
  4469 | D:6      | Gained mutation: You regenerate a little health from kills.
                  | [demonic ancestry]
  4469 | D:6      | Reached XP level 8. HP: 64/64 MP: 8/8
  4484 | D:6      | Noticed a troll
  4521 | D:6      | Reached * piety under Makhleb
  4561 | D:6      | Killed a troll
  4754 | D:6      | Reached skill level 1 in Evocations
  4801 | D:6      | Found an ornate altar of the Wu Jian Council.
  4945 | D:6      | Found an iron altar of Okawaru.
  5117 | D:7      | Gained mutation: You are surrounded by a mild repulsion
                  | field. (EV +2) [demonic ancestry]
  5117 | D:7      | Reached XP level 9. HP: 62/76 MP: 9/9
  5187 | D:7      | Found a large runed translucent door.
  5187 | D:7      | Found a large runed translucent door.
  5235 | D:7      | Found a large runed translucent door.
  5235 | D:7      | Found a large runed translucent door.
  5318 | D:7      | Reached skill level 5 in Evocations
  5501 | D:7      | Noticed a gargoyle
  5518 | D:7      | Killed a gargoyle
  5755 | D:7      | Noticed a gargoyle
  5785 | D:7      | Killed a gargoyle
  6006 | D:7      | Noticed a gargoyle
  6021 | D:7      | Killed a gargoyle
  6174 | D:7      | Noticed a gargoyle
  6180 | D:7      | Killed a gargoyle
  6181 | D:7      | Gained mutation: You are surrounded by a moderate repulsion
                  | field. (EV +3) [demonic ancestry]
  6181 | D:7      | Reached XP level 10. HP: 62/83 MP: 10/10
  6246 | D:7      | Noticed a gargoyle
  6279 | D:7      | HP: 3/83 [gargoyle/+0 mace (11)]
  6285 | D:7      | Killed a gargoyle
  6803 | D:7      | Noticed a manticore
  6805 | D:7      | Reached skill level 1 in Armour
  6830 | D:7      | Killed a manticore
  6830 | D:7      | Reached ** piety under Makhleb
  7055 | D:7      | Identified the +3 leather armour of Foepobb {rN++ rCorr}
  7165 | D:7      | Found a radiant altar of Vehumet.
  7243 | D:7      | Noticed a gargoyle
  7285 | D:7      | Killed a gargoyle
  7286 | D:7      | Reached skill level 5 in Armour
  8008 | D:7      | Got the Secrets of the Spider and Aeromancy
  8762 | D:8      | Noticed Psyche
  8767 | D:8      | Killed Psyche
  8863 | D:8      | Reached XP level 11. HP: 71/89 MP: 11/11
  8986 | D:8      | Found a staircase to the Lair.
  9088 | D:8      | Reached *** piety under Makhleb
  9089 | D:8      | Reached skill level 1 in Spellcasting
  9457 | D:9      | Reached skill level 1 in Transmutations
  9474 | D:9      | Paralysed by a hornet for 3 turns
 10201 | D:9      | Found a sparkling altar of Nemelex Xobeh.
 10336 | D:10     | Entered Level 10 of the Dungeon
 10772 | D:10     | Noticed Sonja
 10783 | D:10     | Killed Sonja
 11058 | D:10     | Reached **** piety under Makhleb
 11196 | D:11     | Reached skill level 5 in Spellcasting
 11196 | D:11     | Reached skill level 5 in Transmutations
 11327 | D:11     | Found a frozen archway.
 11342 | IceCv    | Entered an ice cave
 11350 | IceCv    | HP: 2/89 [anaconda simulacrum (12)]
 11561 | IceCv    | Noticed a white ugly thing
 11570 | IceCv    | Killed a white ugly thing
 11600 | IceCv    | Noticed a white ugly thing
 11603 | IceCv    | Identified the +10 war axe "Uzopsun" {elec, rC+++ Dex+2
                  | SInv Stlth-}
 11610 | IceCv    | Killed a white ugly thing
 11905 | IceCv    | Got the Anthology of Hoarfrost
 11947 | IceCv    | Gained mutation: You are surrounded by a strong repulsion
                  | field. (EV +4, RMsl) [demonic ancestry]
 11947 | IceCv    | Reached XP level 12. HP: 69/95 MP: 21/21
 12168 | D:11     | Learned a level 2 spell: Wereblood
 12304 | D:11     | Reached skill level 1 in Shields
 12924 | D:12     | Noticed an eight-headed hydra
 12935 | D:12     | Killed an eight-headed hydra
 12949 | D:12     | Noticed a two-headed ogre
 12959 | D:12     | Killed a two-headed ogre
 13064 | D:12     | Found a portal to a secret trove of treasure.
 13375 | D:12     | Found a runed translucent door.
 13377 | D:12     | Found a runed translucent door.
 13383 | D:12     | Reached skill level 5 in Shields
 13455 | D:12     | Found a staircase to the Orcish Mines.
 14296 | D:13     | Noticed a two-headed ogre
 14301 | D:13     | Killed a two-headed ogre
 14437 | D:13     | Noticed a centaur warrior
 14437 | D:13     | Noticed a centaur warrior
 14438 | D:13     | Killed a centaur warrior
 14440 | D:13     | Noticed Jorgrun
 14446 | D:13     | Killed a centaur warrior
 14454 | D:13     | HP: 4/95 [Jorgrun/staff of earth (5)]
 14454 | D:13     | Constricted to death by Jorgrun

Illustrated notes

Levels and vault maps discovered:
D:1:      lemuel_arrival_lava_pool, layout_basic, minmay_misc_feat_doors,
          amethyst_killhole
D:2:      layout_basic, shapermc_ecumenical_altar_rom_forum
D:3:      layout_basic
D:4:      layout_loops_ring, lemuel_tele_altar, minmay_temple_entry_grid,
          serial_glass, glass_columns_a, glass_columns_c, glass_columns_b,
          glass_columns_c
D:5:      layout_rooms, nicolae_overflow_crystal_walls, grunt_ministairs_11,
          uniq_ijyb, uniq_blork_the_orc
D:6:      layout_basic, pdpol_wu_jian_five_deadly_venoms,
          mainiacjoe_overflow_swirl
D:7:      cheibrodos_statue_roulette, layout_loops_ring, lemuel_doored_altar,
          minivault_4, minmay_misc_feat_rugged, roderic_roman_lattice,
          minmay_hollow_rounded_squares
D:8:      layout_basic, lair_entry_dummy, uniq_psyche
D:9:      layout_roguey, nemelex_xobeh_ov_fountains_minmay,
          minmay_misc_feat_more_columns, nrook_loot_triangle, minmay_ruffians
D:10:     layout_roguey, uniq_sonja
D:11:     layout_gridville, portal_ice_cave_entry_pillars_1,
          nicolae_zen_rock_garden
D:12:     lemuel_insect_pit, layout_basic, nicolae_trove_entry_isolated
D:13:     layout_gridville, uniq_jorgrun
Temple:   hellmonk_temple_divided_pantheon

Skill      XL: |  1  2  3  4  5  6  7  8  9 10 11 12 |
---------------+-------------------------------------+-----
Fighting       | 3 4 5 6 9 |  9.0
Axes           | 1 3 5 8 9 |  9.1
Dodging        | 3 5 |  5.0
Evocations     | 3 5 8 |  8.0
Armour         | 5 |  5.0
Spellcasting   | 6 |  6.5
Transmutations | 6 |  6.5
Shields        | 8 |  8.4
Short Blades   | |  2.6
Throwing       | |  1.7

Action                     |  1- 3 |  4- 6 |  7- 9 | 10-12 || total
---------------------------+-------+-------+-------+-------++-------
  Melee: Rapier            |    33 |       |       |       ||    33
         Hand axe          |    74 |   116 |   346 |   298 ||   834
         Punch             |     1 |     1 |     4 |     8 ||    14
         Battleaxe         |       |       |       |   195 ||   195
         Unarmed           |       |       |       |     7 ||     7
         War axe           |       |       |       |   155 ||   155
  Throw: Throwing net      |       |     4 |     1 |     4 ||     9
   Cast: Wereblood         |       |       |       |     4 ||     4
  Evoke: Wand              |       |       |     2 |    14 ||    16
    Use: Scroll            |     4 |     5 |     6 |    12 ||    27
         Potion            |       |       |     1 |    10 ||    11
   Stab: Paralysed         |       |       |    25 |     2 ||    27
         Held in net/web   |       |       |     2 |       ||     2
         Invisible         |       |       |       |     3 ||     3
 Armour: Leather armour    |    31 |       |       |   265 ||   296
         Chain mail        |    87 |   113 |   247 |    46 ||   493
         Skin              |       |       |       |     1 ||     1
  Dodge: Dodged            |    83 |   101 |   254 |   723 ||  1161
         Repelled          |       |       |       |     2 ||     2
  Block: Other             |     6 |    45 |    90 |   131 ||   272
         Reflection        |       |     1 |     7 |    17 ||    25
         Kite shield       |       |       |       |   182 ||   182

Table legend: (Time is in decaauts)
 A = Elapsed time spent in this place.
 B = Non-inter-level travel time spent in this place.
 C = Inter-level travel time spent in this place.
 D = Time resting spent in this place.
 E = Time spent auto-exploring this place.
 F = Levels seen in this place.
 G = Mean time per level.
                   A        B        C        D        E       F      G
               +--------+--------+--------+--------+--------+-----+--------+
         Total |  14676 |  14088 |    588 |   3215 |   8307 |  15 |  978.4 |
       Dungeon |  13817 |  13230 |    587 |   2574 |   8285 |  13 | 1062.8 |
        Temple |     26 |     26 |      0 |      0 |      0 |   1 |   26.0 |
      Ice Cave |    832 |    832 |      0 |    641 |     22 |   1 |  832.0 |
               +--------+--------+--------+--------+--------+-----+--------+

Top non-repeatable levels by time:
     D:7: 2928 daAuts
    D:12: 1323 daAuts
     D:8: 1312 daAuts
     D:4: 1123 daAuts
     D:9: 994 daAuts
     D:1: 981 daAuts
     D:5: 909 daAuts
     D:6: 891 daAuts
    D:10: 860 daAuts
   IceCv: 832 daAuts
    D:11: 719 daAuts
     D:3: 694 daAuts
     D:2: 649 daAuts
    D:13: 427 daAuts
  Temple: 26 daAuts
